 Seeded DCSS version 0.28-a0-664-gc179e30c89 (webtiles) character file.

Game seed: 2021101569420 (custom seed)

12760 muata the Fighter (level 11, 0/107 HPs)
             Began as a Minotaur Berserker on Oct 15, 2021.
             Was a High Priest of Trog.
             Slain by a manticore (6 damage)
             ... on level 11 of the Dungeon on Oct 16, 2021.
             The game lasted 00:25:31 (10717 turns).

muata the Fighter (Minotaur Berserker)             Turns: 10717, Time: 00:25:32

Health: 0/107      AC: 15    Str: 29    XL:     11   Next: 66%
Magic:  10/10      EV: 15    Int:  4    God:    Trog [*****.]
Gold:   601        SH:  0    Dex: 10    Spells: 10/10 levels left

rFire   . . .      SeeInvis .   P - +9 glaive of the Slicing Gnat {spect, rPois Str+4}
rCold   . . .      Faith    .   (shield currently unavailable)
rNeg    . . .      Spirit   .   l - +0 ring mail
rPois   +          Reflect  .   (helmet restricted)
rElec   .          Harm     .   (no cloak)
rCorr   .          Rampage  .   I - +0 pair of gloves
Will    .....                   x - +0 pair of boots
Stlth   ..........              (no amulet)
HPRegen 0.27/turn               c - +4 ring of protection
MPRegen 0.12/turn               D - +4 ring of evasion

@: on berserk cooldown, slowed, very slow
A: horns 2, retaliatory headbutt
a: Renounce Religion, Berserk, Trog's Hand, Brothers in Arms


You were on level 11 of the Dungeon.
You worshipped Trog.
Trog was extremely pleased with you.
You visited 1 branch of the dungeon, and saw 11 of its levels.

You collected 601 gold pieces.

Inventory:

Hand Weapons
 a - a +0 hand axe
 d - a +2 short sword of speed
 A - a +0 war axe
 H - a +0 battleaxe
 L - a +4 hand axe
 N - a +1 antimagic battleaxe
 P - the +9 glaive of the Slicing Gnat (weapon) {spect, rPois Str+4}
   (You found it on level 9 of the Dungeon)

   When its wielder attacks, the weapon's spirit leaps out and strikes again.
   The spirit shares a part of any damage it takes with its wielder.
   Str:       It affects your strength (+4).
   rPois:     It protects you from poison.
Missiles
 h - 34 poisoned darts (quivered)
 k - 261 stones
 o - a throwing net
Armour
 l - a +0 ring mail (worn)
 x - a +0 pair of boots (worn)
 I - a +0 pair of gloves (worn)
Jewellery
 c - a +4 ring of protection (left hand)
 g - a ring of see invisible
 D - a +4 ring of evasion (right hand)
 K - a +6 ring of dexterity
 M - a ring of poison resistance
Wands
 m - a wand of acid (20)
 t - a wand of polymorph (1)
 E - a wand of iceblast (11)
 T - a wand of flame (24)
Scrolls
 f - a scroll of holy word
 j - 6 scrolls of teleportation
 n - a scroll of vulnerability
 p - 4 scrolls of enchant armour
 q - a scroll of torment
 u - a scroll of noise
 w - a scroll of blinking
 y - 2 scrolls of immolation
 C - a scroll of enchant weapon
 F - 2 scrolls of amnesia
 J - a scroll of acquirement
 O - a scroll of fear
Potions
 b - 2 potions of brilliance
 e - 4 potions of heal wounds
 r - 2 potions of might
 s - a potion of haste
 v - a potion of cancellation {unknown}
 z - a potion of attraction {unknown}
 G - a potion of mutation {unknown}
 Q - a potion of curing {unknown}
 R - a potion of resistance {unknown}
 S - a potion of invisibility {unknown}
Miscellaneous
 B - a box of beasts


   Skills:
 + Level 13.4 Fighting
 - Level 4.0 Short Blades
 - Level 10.4(11.3) Axes
 + Level 7.2(9.8) Polearms
 + Level 13.2 Armour
 - Level 2.1 Dodging


You had 10 spell levels left.
You didn't know any spells.
Your spell library was empty.

Dungeon Overview and Level Annotations

Branches:
Dungeon (11/15)            Temple (0/1) D:5            Lair (0/6) D:11
    Orc (0/2) D:9

Altars:
Ashenzari
Dithmenos
Okawaru
Qazlal
Trog
Uskayaw
Wu Jian
Xom
Zin

Shops:
D:2 *   D:8 *   D:10 :


Innate Abilities, Weirdness & Mutations

You have a pair of horns on your head.
You reflexively headbutt those who attack you in melee.


Message History

The volley of spikes hits you!
The barbed spikes become lodged in your body.
You are no longer berserk.
You are exhausted.
You feel yourself slow down.
You slice the sphinx!! Your headbutt misses the sphinx.
The sphinx is moderately wounded.
Your +9 glaive of the Slicing Gnat {spect, rPois Str+4} hits the sphinx from afar!!
The sphinx hits you. The sphinx hits you! The sphinx hits you.
* * * LOW HITPOINT WARNING * * *
The sphinx hits you!
* * * LOW HITPOINT WARNING * * *
The sphinx hits you but does no damage. The sphinx barely misses you.
You hit the sphinx. You headbutt the sphinx!
The sphinx is severely wounded.
Your +9 glaive of the Slicing Gnat {spect, rPois Str+4} barely misses the sphinx.
Your skin stops crawling.
You feel less strong-willed.
The sphinx mumbles some strange words.
You barely resist. The sphinx hits you!
* * * LOW HITPOINT WARNING * * *
The sphinx closely misses you. The sphinx hits you but does no damage.
You slash the sphinx!
The sphinx is almost dead.
Your +9 glaive of the Slicing Gnat {spect, rPois Str+4} hits the sphinx from afar!!
You kill the sphinx!
Trog accepts your kill.
Trog will now gift you melee weapons as you gain piety.
Trog appreciates your killing of a magic user.
Your base Polearms skill increases to level 7!
Your Armour skill increases to level 13!
The barbs in your skin will harm you if you move.
Continue?
Okay, then.
You slash the manticore!
The manticore is lightly wounded.
Your +9 glaive of the Slicing Gnat {spect, rPois Str+4} hits the manticore from afar!!
You carefully extract the barbed spikes from your body.
Your +9 glaive of the Slicing Gnat {spect, rPois Str+4} fades away.
The manticore bites you but does no damage.
The manticore closely misses you. The manticore claws you.
You die...

...♣
+#####+..♣
#.....#..♣
#.....#..♣♣#
#.....#.... ♣
#....c#..♣ ♣.
#...ZH#..♣
♣..+#####@..♣
♣...........♣
♣...........♣
♣♣♣♣♣♣.♣♣♣♣♣♣
♣.♣ ####
###.###
...###
♣.....♣♣♣♣♣
..#. ♣.
♣.#####.♣♣.♣#
... # ♣.♣
#.⌠.#.♣.♣.#


You could see a manticore, a yaktaur and a centaur warrior zombie.

Vanquished Creatures
  A sphinx (D:11)
  2 centaur warriors (D:11)
  A death knight (D:10)
  A two-headed ogre (D:10)
  3 cyclopes (D:11)
  2 unseen horrors
  A komodo dragon (D:11)
  2 kobold demonologists (D:10)
  2 trolls
  A hornet (D:11)
  A wraith (D:11)
  A vampire (D:9)
  Sigmund (D:2)
  Eustachio (D:4)
  8 yaks
  A wyvern (D:9)
  Menkaure (D:5)
  Edmund (D:5)
  2 two-headed ogre zombies (D:9)
  An acid dragon (D:8)
  2 water moccasins
  A black bear (D:5)
  A necrophage (D:5)
  6 centaurs
  3 ogres
  3 phantoms
  2 kobold brigands
  Blork the orc (D:5)
  A bullfrog (D:9)
  2 scorpions (D:6)
  4 killer bees (D:8)
  13 wights
  5 howler monkeys
  4 centaur zombies
  2 hounds
  A jelly (D:7)
  A gnoll shaman (D:7)
  3 orc priests
  2 bullfrog skeletons
  Ijyb (D:4)
  5 iguanas
  Natasha (twice) (D:2 D:1)
  An orc wizard (D:7)
  A scorpion zombie (D:5)
  A killer bee zombie (D:6)
  6 ogre zombies (D:9)
  A hound skeleton (D:5)
  2 howler monkey zombies
  Robin (D:2)
  4 gnolls
  8 adders
  A shadow imp (D:8)
  A white imp (D:7)
  An adder skeleton (D:5)
  2 dart slugs (D:3)
  12 orcs
  4 bats
  4 endoplasms
  A giant cockroach (D:1)
  12 goblins
  11 hobgoblins
  6 jackals
  9 quokkas
  5 ball pythons
  6 frilled lizards
  2 goblin zombies (D:9)
  2 hobgoblin zombies (D:9)
  11 kobolds
  3 orc skeletons (D:9)
  18 orc zombies (D:9)
  6 rats
241 creatures vanquished.

Vanquished Creatures (others)
  An orc wizard (D:11)
  A fungus (D:1)
  7 plants (D:3)
9 creatures vanquished.

Grand Total: 250 creatures vanquished

Notes
Turn   | Place    | Note
-------+----------+-------------------------------------------
     0 | D:1      | muata the Minotaur Berserker began the quest for the Orb.
     0 | D:1      | Reached XP level 1. HP: 19/19 MP: 0/0
   195 | D:1      | Reached XP level 2. HP: 19/27 MP: 1/1
   676 | D:1      | Reached XP level 3. HP: 33/33 MP: 2/2
   704 | D:1      | Found a faded altar of an unknown god.
  1117 | D:2      | Noticed Natasha
  1118 | D:2      | Noticed Sigmund
  1120 | D:2      | Killed Natasha
  1125 | D:2      | Killed Sigmund
  1126 | D:2      | Reached skill level 5 in Fighting
  1126 | D:2      | Reached skill level 5 in Axes
  1126 | D:2      | Reached XP level 4. HP: 36/42 MP: 3/3
  1126 | D:2      | Reached XP level 5. HP: 42/48 MP: 4/4
  1126 | D:2      | Noticed Robin
  1127 | D:2      | Reached ** piety under Trog
  1143 | D:2      | Noticed Natasha
  1353 | D:1      | Killed Natasha
  1478 | D:2      | Killed Robin
  1541 | D:2      | Reached XP level 6. HP: 46/56 MP: 5/5
  1633 | D:2      | Found Larih's General Store.
  2266 | D:3      | Reached skill level 5 in Armour
  2802 | D:4      | Noticed Ijyb
  2832 | D:4      | Killed Ijyb
  2832 | D:4      | Reached *** piety under Trog
  2984 | D:4      | Found a bloodstained altar of Trog.
  3107 | D:4      | Noticed Eustachio
  3135 | D:4      | Killed Eustachio
  3136 | D:4      | Reached XP level 7. HP: 19/64 MP: 6/6
  4007 | D:5      | Entered Level 5 of the Dungeon
  4176 | D:5      | Noticed Edmund
  4190 | D:5      | Killed Edmund
  4421 | D:5      | Reached XP level 8. HP: 72/73 MP: 7/7
  4585 | D:5      | Noticed Menkaure
  4589 | D:5      | Killed Menkaure
  4922 | D:5      | Found a shadowy altar of Dithmenos.
  5063 | D:5      | Found a staircase to the Ecumenical Temple.
  5138 | D:5      | Noticed Blork the orc
  5142 | D:5      | Killed Blork the orc
  5216 | D:6      | Reached skill level 1 in Short Blades
  5499 | D:6      | Found a hide-covered altar of Uskayaw.
  5848 | D:6      | Reached **** piety under Trog
  6101 | D:7      | Found a shimmering altar of Xom.
  6101 | D:7      | Found an iron altar of Okawaru.
  6102 | D:7      | Found a broken altar of Ashenzari.
  6323 | D:7      | Reached XP level 9. HP: 53/82 MP: 8/8
  7129 | D:8      | Found Biast's Assorted Antiques.
  7697 | D:8      | Reached skill level 10 in Fighting
  7849 | D:8      | Reached skill level 10 in Armour
  7958 | D:8      | Found an ornate altar of the Wu Jian Council.
  7975 | D:8      | Found a stormy altar of Qazlal.
  8965 | D:9      | Reached XP level 10. HP: 82/94 MP: 9/9
  8996 | D:9      | Found a staircase to the Orcish Mines.
  9013 | D:9      | Reached skill level 10 in Axes
  9397 | D:9      | Found a glowing silver altar of Zin.
  9400 | D:9      | Identified the +9 glaive of the Slicing Gnat {spect, rPois
                  | Str+4}
  9780 | D:10     | Entered Level 10 of the Dungeon
  9787 | D:10     | Reached skill level 1 in Polearms
  9872 | D:10     | Noticed a two-headed ogre
  9876 | D:10     | Killed a two-headed ogre
  9964 | D:10     | Found Odeotz's Self-Improvement Boutique.
 10206 | D:10     | Noticed a death knight
 10211 | D:10     | Killed a death knight
 10212 | D:10     | Reached XP level 11. HP: 104/104 MP: 10/10
 10565 | D:10     | Identified a scroll of acquirement
 10631 | D:11     | Found a staircase to the Lair.
 10637 | D:11     | Reached skill level 5 in Polearms
 10692 | D:11     | Noticed a centaur warrior
 10692 | D:11     | Noticed a sphinx
 10693 | D:11     | Noticed a centaur warrior
 10699 | D:11     | Killed a centaur warrior
 10702 | D:11     | Killed a centaur warrior
 10715 | D:11     | HP: 5/107 [sphinx (11)]
 10716 | D:11     | Killed a sphinx
 10716 | D:11     | Reached ***** piety under Trog
 10717 | D:11     | Slain by a manticore

Illustrated notes

Levels and vault maps discovered:
D:1:      onia_arrival_mini_maze, layout_rooms,
          shapermc_ecumenical_altar_acropolis, minmay_crystal_room,
          serial_bayou_pond_e
D:2:      layout_rooms, serial_shops, shop, minmay_misc_feat_rows,
          minmay_split_cup_large, uniq_sigmund, uniq_natasha, uniq_robin
D:3:      layout_loops_ring, serial_forest, infiniplex_forest_zigzag_1,
          infiniplex_forest_fountain, infiniplex_forest_clump_long,
          infiniplex_forest_straight_4, infiniplex_forest_clump_large,
          infiniplex_forest_end_3, infiniplex_forest_lined_room_
D:4:      layout_basic, old_standard_altar, minmay_cut_off, uniq_ijyb,
          uniq_eustachio
D:5:      layout_loops_ring, nicolae_overflow_hidden_temple,
          minmay_temple_entry_poolview, minmay_checkerbox, uniq_edmund,
          uniq_menkaure, uniq_blork_the_orc
D:6:      layout_loops_corners, nicolae_uskayaw_suspiria
D:7:      layout_cave_pools, gammafunk_temple_overflow_claw,
          minmay_misc_feat_ornament, grunt_ministairs_3
D:8:      layout_layer_cave, mainiacjoe_overflow_large_starburst, serial_shops,
          shop_coins
D:9:      layout_long_grid, overflow_temple_1_default, zombieorc2_lemuel
D:10:     layout_basic, nicolae_shop_self_help
D:11:     nzn_winding_woodlands_cross [nzn_winding_woodlands_5x15_cabin,
          nzn_winding_woodlands_5x15_river_crossing,
          nzn_winding_woodlands_5x15_lazy_stream,
          nzn_winding_woodlands_5x15_jagged,
          nzn_winding_woodlands_15x15_killbox], layout_cave_pools,
          lair_entry_dummy, special_room [special_room_kobold], uniq_psyche

Skill      XL: |  1  2  3  4  5  6  7  8  9 10 11 |
---------------+----------------------------------+-----
Fighting       | 4 5 6 7 8 10 12 13 | 13.4
Axes           | 4 5 6 7 9 10 | 10.4
Armour         | 3 4 5 6 8 10 12 13 | 13.2
Short Blades   | 3 4 |  4.0
Polearms       | 4 7 |  7.2
Dodging        | |  2.1

Action                   |  1- 3 |  4- 6 |  7- 9 | 10-12 || total
-------------------------+-------+-------+-------+-------++-------
Melee: Hand axe          |    14 |       |   111 |   108 ||   233
       Headbutt          |     7 |    17 |    66 |    49 ||   139
       Short sword       |    42 |   122 |   195 |       ||   359
       Unarmed           |       |    23 |       |       ||    23
       Glaive            |       |       |       |    58 ||    58
Throw: Dart              |       |     1 |       |       ||     1
Invok: Berserk           |     1 |     5 |     5 |     5 ||    16
       Trog's Hand       |       |       |     2 |     1 ||     3
  Use: Scroll            |       |       |     7 |     8 ||    15
 Stab: Distracted        |       |       |       |     1 ||     1
Armor: Animal skin       |     7 |     6 |       |       ||    13
       Ring mail         |       |    39 |    93 |    61 ||   193
Dodge: Dodged            |    29 |   107 |   216 |    95 ||   447

Table legend: (Time is in decaauts)
 A = Elapsed time spent in this place.
 B = Non-inter-level travel time spent in this place.
 C = Inter-level travel time spent in this place.
 D = Time resting spent in this place.
 E = Time spent auto-exploring this place.
 F = Levels seen in this place.
 G = Mean time per level.
                   A        B        C        D        E       F      G
               +--------+--------+--------+--------+--------+-----+--------+
         Total |  10743 |  10414 |    329 |   1649 |   6811 |  11 |  976.6 |
       Dungeon |  10743 |  10414 |    329 |   1649 |   6811 |  11 |  976.6 |
               +--------+--------+--------+--------+--------+-----+--------+

Top non-repeatable levels by time:
     D:8: 1670 daAuts
     D:1: 1394 daAuts
     D:4: 1252 daAuts
     D:5: 1169 daAuts
     D:6: 1016 daAuts
     D:9: 971 daAuts
     D:7: 929 daAuts
    D:10: 809 daAuts
     D:3: 783 daAuts
     D:2: 591 daAuts
    D:11: 155 daAuts
